 Dungeon Crawl Stone Soup version 0.26-a0-501-g57170428f2 (webtiles) character file.

Game seed: 7903546459376741869

603339 ReteAZ the Bludgeoner (level 27, -14/217 HPs)
             Began as a Gnoll Gladiator on Aug 5, 2020.
             Was the Champion of Ashenzari.
             Killed from afar by a quicksilver dragon (31 damage)
             ... with a bolt of dispelling energy
             ... on level 1 of the Realm of Zot on Aug 7, 2020.
             The game lasted 02:57:24 (90227 turns).

ReteAZ the Bludgeoner (Gnoll Gladiator)            Turns: 90227, Time: 02:57:25

Health: -14/217    AC: 50    Str: 16    XL:     27
Magic:  36/50      EV: 17    Int: 25    God:    Ashenzari [******]
Gold:   8739       SH:  0    Dex: 24    Spells: 61/61 levels left

rFire    + + +     SeeInvis +   P - +8 glaive of Lelorec {freeze, rF++ rC++ Str-4 Int+2} (curse)
rCold    + + +     Faith    .   (shield currently unavailable)
rNeg     + . .     Spirit   .   B - +12 gold dragon scales
rPois    +         Reflect  .   k - +3 hat of Pondering {ponderous, MR+ MP+10 Int+5} (curse)
rElec    +         Harm     .   G - +1 cloak of Agoraphobia {rElec Dex+3} (curse)
rCorr    .         Clarity  +   N - +3 pair of gauntlets of War {Slay+5} (curse)
MR       ++++.                  c - +2 pair of boots (curse)
Stlth    ..........             q - macabre finger necklace {rN+} (curse)
HPRegen  0.46/turn              e - +4 ring of evasion (curse)
MPRegen  0.32/turn              X - ring "Goujuik" {rPois MR+ Str-3 Dex+3} (curse)
                                K - ring of the Middle {Int+4 Slay+4} (curse)

@: confused, studying 4 skills, slow
A: distributed training, fangs 1, large bone plates 1, berserk 1, clumsy 1, low
mp 1, sense surroundings 1, strong nose
}: 3/15 runes: serpentine, barnacled, silver
a: Curse Item, Scrying, Renounce Religion


You were on level 1 of the Realm of Zot.
You worshipped Ashenzari.
Ashenzari was exalted by your worship.
You visited 10 branches of the dungeon, and saw 46 of its levels.
You also visited: Sewer, Ice Cave and Desolation.

You collected 10351 gold pieces.
You spent 1612 gold pieces at shops.

Inventory:

Hand Weapons
 s - the +11 halberd of the Foremost Friars {venom, rPois rF+}
   (You found it on level 3 of the Lair of Beasts)

   It poisons the flesh of those it strikes.
   It protects you from fire.
   It protects you from poison.
 P - the cursed +8 glaive of Lelorec (weapon) {freeze, rF++ rC++ Str-4 Int+2}
   (You took it off an orc on level 10 of the Dungeon)

   It has been specially enchanted to freeze those struck by it, causing extra
   injury to most foes and up to half again as much damage against particularly
   susceptible opponents.
   It can also slow down cold-blooded creatures.
   It affects your strength (-4).
   It affects your intelligence (+2).
   It greatly protects you from fire.
   It greatly protects you from cold.
   It has a curse placed upon it.
Missiles
 d - 9 throwing nets
 j - 73 silver javelins (quivered)
 v - 75 boomerangs
 D - 18 curare-tipped darts
 I - 76 javelins
Armour
 c - a cursed +2 pair of boots (worn)
 k - the cursed +3 hat of Pondering (worn) {ponderous, MR+ MP+10 Int+5}
   (You took it off Gastronok on level 1 of the Lair of Beasts)

   It affects your intelligence (+5).
   It affects your resistance to hostile enchantments.
   It affects your magic capacity (+10).
   It has a curse placed upon it.
 B - +12 gold dragon scales (worn)
 G - the cursed +1 cloak of Agoraphobia (worn) {rElec Dex+3}
   (You bought it in a shop on level 2 of the Orcish Mines)

   It affects your dexterity (+3).
   It insulates you from electricity.
   It has a curse placed upon it.
 H - the +10 tower shield of Ignorance {rN+ Int-4}
   (You found it on level 2 of the Orcish Mines)

   It affects your intelligence (-4).
   It protects you from negative energy.
 N - the cursed +3 pair of gauntlets of War (worn) {Slay+5}
   (You acquired it on level 4 of the Shoals)

   It affects your accuracy and damage with ranged weapons and melee attacks
   (+5).
   It has a curse placed upon it.
Jewellery
 e - a cursed +4 ring of evasion (left hand)
 m - the ring of Buukulir {+Fly rF+ rN+ SInv}
   (You took it off a spriggan defender on level 4 of the Depths)

   [ring of protection from fire]

   It protects you from fire.
   It protects you from negative energy.
   It lets you see invisible.
   It lets you fly.
 q - the cursed macabre finger necklace (around neck) {rN+}
   (You found it on level 5 of the Lair of Beasts)

   [amulet of nothing]

   It protects you from negative energy.
   It has a curse placed upon it.
 K - the cursed ring of the Middle (on amulet) {Int+4 Slay+4}
   (You found it in the Desolation of Salt)

   [ring of slaying]

   It affects your intelligence (+4).
   It affects your accuracy and damage with ranged weapons and melee attacks
   (+4).
   It has a curse placed upon it.
 S - the ring of Agnosticism {rN++ Str-3 Dex+2 Stlth+}
   (You took it off a purple draconian on level 5 of the Depths)

   [ring of stealth]

   It affects your strength (-3).
   It affects your dexterity (+2).
   It greatly protects you from negative energy.
   It makes you more stealthy.
 X - the cursed ring "Goujuik" (right hand) {rPois MR+ Str-3 Dex+3}
   (You found it in the Desolation of Salt)

   [ring of poison resistance]

   It affects your strength (-3).
   It affects your dexterity (+3).
   It protects you from poison.
   It affects your resistance to hostile enchantments.
   It has a curse placed upon it.
Wands
 o - a wand of iceblast (60)
 t - a wand of disintegration (62)
 z - a wand of paralysis (43)
 O - a wand of acid (34)
 Q - a wand of flame (115)
 R - a wand of digging (12)
Scrolls
 a - 2 scrolls of silence
 f - 7 scrolls of remove curse
 g - 24 scrolls of identify
 h - 8 scrolls of immolation
 i - 4 scrolls of blinking
 l - 23 scrolls of teleportation
 C - a scroll of fog
 F - 2 scrolls of summoning
 W - 13 scrolls of magic mapping
Potions
 b - 9 potions of lignification
 n - a potion of invisibility
 p - 10 potions of mutation
 r - 3 potions of cancellation
 u - 5 potions of might
 w - 3 potions of berserk rage
 A - 7 potions of ambrosia
 E - 13 potions of flight
 J - 3 potions of resistance
 L - 5 potions of haste
 T - 9 potions of curing
Books
 y - a manual of Stealth
 U - a manual of Fire Magic
 V - a manual of Maces & Flails
 Y - a manual of Polearms
Miscellaneous
 M - a condenser vane (3/4)


   Skills:
 + Level 18.0 Fighting
 + Level 17.5 Short Blades
 + Level 17.5 Long Blades
 + Level 17.5 Axes
 + Level 20.7 Maces & Flails
 + Level 18.0(22.9) Polearms
 + Level 18.4 Staves
 + Level 17.5 Slings
 + Level 17.5 Bows
 + Level 17.5 Crossbows
 + Level 18.0 Throwing
 + Level 17.5(21.3) Armour
 + Level 18.4 Dodging
 + Level 20.3 Stealth
 + Level 17.5 Shields
 + Level 17.5 Unarmed Combat
 + Level 17.5 Spellcasting
 + Level 15.1(19.1) Conjurations
 + Level 15.1(19.1) Hexes
 + Level 15.1(19.1) Summonings
 + Level 15.1(19.1) Necromancy
 + Level 15.1(19.1) Translocations
 + Level 15.1(19.1) Transmutations
 + Level 18.0(21.6) Fire Magic
 + Level 15.1(19.1) Ice Magic
 + Level 15.1(19.1) Air Magic
 + Level 15.1(19.1) Earth Magic
 + Level 15.1(19.1) Poison Magic
 + Level 18.9 Invocations
 + Level 17.5(21.3) Evocations


You had 61 spell levels left.
You didn't know any spells.
Your spell library contained the following spells:

 Spells                   Type           Power        Failure   Level
 Animate Skeleton         Necr           ######       1%          1
 Apportation              Tloc           ######       1%          1
 Beastly Appendage        Tmut           ######       1%          1
 Corona                   Hex            #######      1%          1
 Foxfire                  Conj/Fire      ####         1%          1
 Freeze                   Ice            ####         1%          1
 Sandblast                Erth           ######       1%          1
 Sting                    Tmut/Pois      ####         1%          1
 Summon Small Mammal      Summ           ####         1%          1
 Call Imp                 Summ           #######.     1%          2
 Ensorcelled Hibernation  Hex/Ice        ######       1%          2
 Passwall                 Tmut/Erth      #######.     1%          2
 Poisonous Vapours        Pois/Air       ######       1%          2
 Slow                     Hex            #######.     1%          2
 Sublimation of Blood     Necr           #######...   1%          2
 Wereblood                Tmut           #######.     1%          2
 Call Canine Familiar     Summ           #######.     1%          3
 Confusing Touch          Hex            #######.     1%          3
 Conjure Flame            Conj/Fire      #######.     1%          3
 Dazzling Flash           Conj/Hex       ######       1%          3
 Frozen Ramparts          Ice            ######       1%          3
 Ignite Poison            Fire/Tmut/Pois #######.     1%          3
 Inner Flame              Hex/Fire       #######.     1%          3
 Lesser Beckoning         Tloc           #######...   1%          3
 Mephitic Cloud           Conj/Pois/Air  #######.     1%          3
 Ozocubu's Armour         Ice            #######.     1%          3
 Portal Projectile        Hex/Tloc       ######       1%          3
 Spider Form              Tmut/Pois      #######...   1%          3
 Stone Arrow              Conj/Erth      ######       1%          3
 Summon Guardian Golem    Hex/Summ       #######.     1%          3
 Tukima's Dance           Hex            #######.     1%          3
 Animate Dead             Necr           #######...   1%          4
 Cause Fear               Hex            #######...   1%          4
 Hailstorm                Conj/Ice       #######.     1%          4
 Ice Form                 Ice/Tmut       #######.     1%          4
 Iskenderun's Mystic Bla  Conj/Tloc      #######.     1%          4
 Leda's Liquefaction      Hex/Erth       #######...   1%          4
 Olgreb's Toxic Radiance  Pois           #######.     1%          4
 Petrify                  Tmut/Erth      #######.     1%          4
 Sticky Flame             Conj/Fire      #######.     1%          4
 Summon Ice Beast         Ice/Summ       #######.     1%          4
 Summon Lightning Spire   Summ/Air       #######.     1%          4
 Alistair's Intoxication  Tmut/Pois      #######..    1%          5
 Blade Hands              Tmut           #######...   1%          5
 Bolt of Magma            Conj/Fire/Erth #######...   1%          5
 Borgnjor's Vile Clutch   Necr/Erth      #######...   1%          5
 Irradiate                Conj/Tmut      #######...   1%          5
 Iskenderun's Battlesphe  Conj           #######.     1%          5
 Lee's Rapid Deconstruct  Erth           #######...   1%          5
 Metabolic Englaciation   Hex/Ice        #######...   1%          5
 Summon Demon             Summ           #######...   1%          5
 Summon Forest            Summ/Tloc      #######...   1%          5
 Summon Mana Viper        Hex/Summ       #######.     1%          5
 Death Channel            Necr           #######...   6%          6
 Eringya's Noxious Bog    Tmut/Pois      #######...   6%          6
 Freezing Cloud           Conj/Ice/Air   #######...   6%          6
 Invisibility             Hex            #######.     6%          6
 Iron Shot                Conj/Erth      #######...   6%          6
 Ozocubu's Refrigeration  Ice            #######...   6%          6
 Shadow Creatures         Summ           N/A          6%          6
 Simulacrum               Ice/Necr       #######...   6%          6
 Statue Form              Tmut/Erth      #######..    6%          6
 Malign Gateway           Summ/Tloc      #######...   32%         7
 Monstrous Menagerie      Summ           #######...   32%         7
 Orb of Destruction       Conj           #######...   32%         7
 Spellforged Servitor     Conj/Summ      #######...   32%         7
 Summon Greater Demon     Summ           #######...   32%         7
 Summon Hydra             Summ           #######...   32%         7
 Ignition                 Fire           #######...   65%         8
 Chain Lightning          Conj/Air       #######...   95%         8
 Lehudib's Crystal Spear  Conj/Erth      #######...   95%         8
 Summon Horrible Things   Summ           #######...   95%         8
 Absolute Zero            Ice            #######...   100%        9
 Fire Storm               Conj/Fire      #######...   100%        9
 Shatter                  Erth           #######...   100%        9


Dungeon Overview and Level Annotations

Branches:
Dungeon (15/15)            Temple (1/1) D:5            Lair (6/6) D:9
 Shoals (4/4) Lair:4        Snake (4/4) Lair:2        Slime (0/5) Lair:5
    Orc (2/2) D:10            Elf (3/3) Orc:2        Vaults (5/5) D:14
  Crypt (0/3) Vaults:3     Depths (5/5) D:15            Zot (1/5) Depths:5
  Sewer (visited)           IceCv (visited)         Desolation (visited)

Altars:
Ashenzari
Cheibriados
Dithmenos
Elyvilon
Fedhas
Gozag
Hepliaklqana
Kikubaaqudgha
Makhleb
Nemelex Xobeh
Okawaru
Qazlal
Ru
Sif Muna
Trog
Uskayaw
Vehumet
Wu Jian
Xom
Yredelemnul
Zin
The Shining One
Beogh
Lugonu

Shops:
D:8 :   D:11 }((?!   D:13 }   D:14 [   Orc:2 [:(*   Elf:1 *   Shoals:3 *[[[[
Snake:1 =}=   Depths:3 :

Portals:
Hell: Depths:1 Depths:2 Depths:3 Depths:5
Abyss: Depths:2 Depths:4
Pandemonium: Depths:1 Depths:3 Depths:4
Ziggurat: Depths:1

Annotations:
Snake:3 exclusion: oklob plant
Orc:2 1 runed translucent door
Depths:1 1 runed translucent door
Depths:4 1 exclusion


Innate Abilities, Weirdness & Mutations

Your experience applies equally to all skills.
You have very sharp teeth.
Your uncanny sense of smell can sniff out nearby items.
You are partially covered in large bone plates. (SH +4)
You tend to lose your temper in combat.
You are clumsy. (Dex -2)
Your magical capacity is low. (-10% MP)
You passively map a small area around you.


Message History

Aim: a yellow draconian, wielding a +0 halberd (poison gas, almost dead, fleeing, extremely poisoned)
The mass of ice explodes!
The iceblast engulfs the yellow draconian!!!
You kill the yellow draconian!
Your base Polearms skill increases to level 18!
The iceblast engulfs the quicksilver dragon!!
You kill the quicksilver dragon!
The uncursed quicksilver dragon scales are intact enough to wear.
Your base Fire Magic skill increases to level 18!
The iceblast engulfs the purple draconian!!
You kill the purple draconian!
You hear a roar!
You are confused.
You feel invigorated.
The quicksilver dragon is engulfed in poison gas.
The quicksilver dragon is poisoned.
The quicksilver dragon breathes dispelling energy at you.
The bolt of dispelling energy hits you!!
Your magical effects are unravelling.
You die...

.......## *,, *, *,
...#....####...##.(.##* **
, , .............,.(.....
, , ,,, ,
.................... ,. ,,
, ####.......[..#....# .#
**** ,, ##
#...............##... * ,
.###....................,
, ,
..#...................#,,,
, ,, ,
........##...#.#@.⌠...# ,
,* ,
#.......#*#...§§##....# *
,, ,, ##.....##
##§§§§.#..### ,****
.##....# ##§§§#..[..# * ,
* ..##...#######§D.#....#
,,,
..............§q........,
.........y..............
##....#...{##...#.q..##
#....##...##)..#*...#*


You could see a quicksilver dragon (poisoned, catching breath) and a purple
draconian annihilator (poisoned).

Vanquished Creatures
  An ancient lich (Vaults:5)
  An orb of fire (Zot:1)
  3 juggernauts
  Boris (Vaults:5)
  A caustic shrike (Depths:4)
  7 golden dragons
  the Enchantress (Depths:2)
  Nikola (Vaults:1)
  6 tentacled monstrosities
  3 liches
  Rupert (Orc:1)
  3 deep elf blademasters
  9 titans
  6 quicksilver dragons
  6 sphinxes
  Gastronok (Lair:1)
  A storm dragon (shapeshifter) (Vaults:5)
  6 shadow dragons
  9 tengu reavers
  8 nagarajas
  12 fire giants
  A frost giant (shapeshifter) (Vaults:5)
  7 storm dragons
  A revenant (Vaults:3)
  An iron dragon (Vaults:5)
  15 frost giants
  A ghost moth (Zot:1)
  7 deep elf sorcerers
  An orc warlord (Orc:2)
  Aizul (Snake:1)
  2 imperial myrmidons (Desolation)
  16 vault wardens
  2 draconian knights (Depths:5)
  A draconian scorcher (Zot:1)
  A ghoul (Vaults:3)
  8 spriggan defenders
  2 draconian shifters (Zot:1)
  21 ironheart preservers
  10 very ugly things
  4 deep elf elementalists (Elf:3)
  A war gargoyle (Vaults:5)
  6 caustic shrike skeletons (Depths:2)
  23 stone giants
  2 green draconians
  4 entropy weavers
  4 white draconians (Zot:1)
  7 deep elf demonologists
  A black draconian (Depths:5)
  11 deep elf annihilators
  A yellow draconian (Zot:1)
  2 spark wasps
  A minotaur (Shoals:1)
  5 halazid warlocks (Desolation)
  2 purple draconians
  2 dire elephants (Depths:2)
  Snorg (Lair:4)
  8 merfolk javelineers
  An ettin (shapeshifter) (Vaults:5)
  Josephine (D:15)
  A crystal guardian (Vaults:4)
  10 ettins
  6 deep elf death magi
  5 deep elf high priests
  3 jiangshi (Depths:3)
  6 fire dragons
  8 merfolk impalers
  Erolcha (Orc:2)
  16 ogre magi
  20 yaktaur captains
  5 hydras
  3 great orbs of eyes
  A ragged hierophant (Desolation)
  Harold (D:10)
  34 vault guards
  7 servants of whispers (Desolation)
  A monstrous demonspawn (Depths:1)
  3 rakshasas
  12 ice dragons
  A catoblepas (Vaults:2)
  4 peacekeepers (Desolation)
  An anaconda (shapeshifter) (Vaults:1)
  15 naga warriors
  3 merfolk aquamancers
  A death knight (Vaults:4)
  15 anacondas
  5 spriggan air magi
  54 two-headed ogres
  4 merfolk avatars
  An alligator snapping turtle (Shoals:4)
  A queen ant (shapeshifter) (Vaults:5)
  10 centaur warriors
  2 tengu warriors
  A queen ant (Lair:3)
  18 dancing weapons
  7 deep troll shamans
  2 vampire magi
  4 deep troll earth magi
  4 satyrs
  10 death yaks
  A death yak (shapeshifter) (Depths:4)
  An orc high priest (Orc:2)
  4 shock serpents
  7 spriggan berserkers
  Urug (D:11)
  A shock serpent (shapeshifter) (Vaults:5)
  29 deep elf knights
  18 naga sharpshooters
  42 spriggans
  A fire crab (shapeshifter) (D:15)
  A death drake (shapeshifter) (Depths:3)
  A titan skeleton (Vaults:5)
  11 hell knights
  Nergalle (Orc:2)
  28 deep trolls
  A shadow wraith (Vaults:1)
  6 salamander mystics
  An iron troll (shapeshifter) (Depths:4)
  A sixfirhy (Depths:1)
  2 unseen horrors (shapeshifter)
  A shadow demon (Depths:4)
  16 sea snakes
  4 glowing orange brains
  2 iron trolls (Depths:3)
  A skeletal warrior (Vaults:1)
  4 wizards
  7 spriggan druids (Depths:2)
  A swamp dragon (Lair:6)
  2 flayed ghosts
  22 deep elf archers
  3 unseen horrors
  11 naga ritualists
  12 ironbrand convokers
  5 orange crystal statues
  4 phantasmal warriors
  A shadow dragon zombie (Vaults:4)
  Pikel (D:6)
  14 orc knights
  7 harpies
  9 necromancers
  7 mana vipers
  10 wolf spiders
  A faun (shapeshifter) (Elf:3)
  2 orc sorcerers
  13 manticores
  68 deep elf magi
  23 salamanders
  15 ugly things
  20 fauns
  5 moths of wrath (Zot:1)
  A salamander (shapeshifter) (Vaults:4)
  13 cyclopes
  Joseph (D:7)
  A rust devil (Depths:5)
  15 elephants
  A fire giant skeleton (Vaults:5)
  7 merfolk sirens
  29 naga magi
  5 guardian serpents
  A torpor snail (Lair:6)
  40 black mambas
  15 vault sentinels
  An ice statue (IceCv)
  2 gargoyles (D:14)
  An orange demon (Depths:1)
  14 cane toads
  A water nymph (Shoals:4)
  8 rime drakes
  A kobold demonologist (D:14)
  6 freezing wraiths
  A centaur skeleton (D:15)
  8 komodo dragons
  65 yaktaurs
  A rime drake (shapeshifter) (Vaults:2)
  A yaktaur (shapeshifter) (Depths:3)
  A queen bee (shapeshifter) (D:15)
  A tormentor (Depths:1)
  An efreet (D:15)
  A tengu conjurer (D:14)
  A queen bee (Lair:4)
  18 polar bears
  A hellwing (Depths:4)
  A meliai (shapeshifter) (Depths:3)
  28 merfolk
  3 human skeletons
  3 red devils (Depths:4)
  A troll (shapeshifter) (D:15)
  6 meliai
  2 jumping spiders
  6 trolls
  Prince Ribbit (D:7)
  6 wind drakes
  21 hornets
  A wind drake (shapeshifter) (Elf:1)
  8 hippogriffs
  18 saltlings (Desolation)
  2 blink frogs (shapeshifter)
  14 dream sheep
  20 blink frogs
  39 slime creatures
  15 snapping turtles
  3 air elementals
  3 hippogriffs (shapeshifter)
  A redback (shapeshifter) (Vaults:5)
  A centaur simulacrum (D:14)
  70 yaks
  Sigmund (D:5)
  A yak (shapeshifter) (Vaults:2)
  A shadow (D:11)
  3 tarantellas
  9 redbacks
  11 wyverns
  8 wraiths
  18 water elementals
  2 basilisks (shapeshifter)
  2 fire elementals (Elf:2)
  A human simulacrum (Vaults:5)
  2 neqoxecs
  4 basilisks
  Menkaure (D:7)
  4 steam dragons
  9 wargs
  2 vampire mosquitoes (D:14)
  22 soldier ants
  A naga (shapeshifter) (Elf:2)
  2 acid dragons (Lair:6)
  39 nagas
  2 floating eyes
  21 water moccasins
  2 swamp drakes (Lair:6)
  5 porcupines
  4 ice beasts
  2 black bears
  29 orc warriors
  5 sky beasts
  An eye of draining (shapeshifter) (Vaults:1)
  An eye of draining (D:11)
  A hornet zombie (D:8)
  5 phantoms
  2 necrophages
  43 ogres
  19 wolves
  20 boggarts
  14 crocodiles
  25 centaurs
  5 big kobolds
  Blork the orc (D:4)
  11 bullfrogs
  A glowing shapeshifter simulacrum (Vaults:4)
  An elf skeleton (D:15)
  2 earth elementals
  3 scorpions
  20 killer bees
  22 wights
  A troll skeleton (D:15)
  A howler monkey (D:10)
  2 crimson imps (Depths:4)
  4 centaur zombies
  A bullfrog zombie (D:12)
  8 hounds
  5 human zombies
  3 quasits
  21 orc priests
  3 jellies
  4 bullfrog skeletons
  2 iron imps (Depths:4)
  6 iguanas
  6 hell rats (Lair:6)
  19 orc wizards
  36 worker ants
  An ogre skeleton (D:15)
  A hound zombie (D:5)
  2 mummies (D:15)
  3 worker ant zombies
  9 gnolls
  11 adders
  2 river rats (Sewer)
  A shadow imp (D:6)
  3 white imps
  3 ufetubi
  An ooze (shapeshifter) (Vaults:2)
  An adder skeleton (D:9)
  7 worms
  3 dart slugs
  3 leopard geckos
  79 orcs
  A ball python (shapeshifter) (Depths:4)
  5 bats (D:1)
  9 giant cockroaches
  4 goblins
  7 hobgoblins
  5 jackals
  21 kobolds
  3 quokkas
  7 frilled lizards
  A quokka skeleton (D:7)
  15 rats
  A fire vortex (Depths:3)
  2 pillars of salt (Vaults:2)
  6 plants
2312 creatures vanquished.

Vanquished Creatures (others)
  A draconian knight (Zot:1)
  3 deep elf knights
  2 deep elf magi
  A wolf (IceCv)
  3 boggarts (Depths:2)
  A killer bee (D:10)
  2 orcs
  2 bushes (Lair:6)
  27 fungi
  67 plants
109 creatures vanquished.

Grand Total: 2421 creatures vanquished

Notes
Turn   | Place    | Note
-------+----------+-------------------------------------------
     0 | D:1      | ReteAZ the Gnoll Gladiator began the quest for the Orb.
     0 | D:1      | Reached XP level 1. HP: 20/20 MP: 1/1
    44 | D:1      | Reached XP level 2. HP: 25/26 MP: 2/2
   159 | D:1      | Reached XP level 3. HP: 31/31 MP: 3/3
   408 | D:2      | Reached skill level 1 in Invocations
   752 | D:2      | Reached skill level 1 in Short Blades
   752 | D:2      | Reached skill level 1 in Long Blades
   752 | D:2      | Reached skill level 1 in Axes
   752 | D:2      | Reached skill level 1 in Maces & Flails
   752 | D:2      | Reached skill level 1 in Polearms
   752 | D:2      | Reached skill level 1 in Slings
   752 | D:2      | Reached skill level 1 in Bows
   752 | D:2      | Reached skill level 1 in Crossbows
   752 | D:2      | Reached skill level 1 in Armour
   752 | D:2      | Reached skill level 1 in Stealth
   752 | D:2      | Reached skill level 1 in Shields
   752 | D:2      | Reached skill level 1 in Unarmed Combat
   752 | D:2      | Reached skill level 1 in Spellcasting
   752 | D:2      | Reached skill level 1 in Evocations
   752 | D:2      | Reached XP level 4. HP: 33/38 MP: 5/5
   782 | D:2      | Reached skill level 1 in Conjurations
   782 | D:2      | Reached skill level 1 in Hexes
   782 | D:2      | Reached skill level 1 in Summonings
   782 | D:2      | Reached skill level 1 in Necromancy
   782 | D:2      | Reached skill level 1 in Translocations
   782 | D:2      | Reached skill level 1 in Transmutations
   782 | D:2      | Reached skill level 1 in Fire Magic
   782 | D:2      | Reached skill level 1 in Ice Magic
   782 | D:2      | Reached skill level 1 in Air Magic
   782 | D:2      | Reached skill level 1 in Earth Magic
   782 | D:2      | Reached skill level 1 in Poison Magic
   923 | D:2      | Reached XP level 5. HP: 43/43 MP: 6/6
  1908 | D:3      | Reached XP level 6. HP: 50/50 MP: 8/8
  2912 | D:4      | Reached skill level 5 in Fighting
  2912 | D:4      | Reached skill level 5 in Throwing
  2917 | D:4      | Noticed Blork the orc
  2932 | D:4      | Killed Blork the orc
  3269 | D:4      | Found a shadowy altar of Dithmenos.
  3679 | D:4      | Noticed a moth of wrath
  3681 | D:4      | Found a bloodstained altar of Trog.
  3844 | D:5      | Entered Level 5 of the Dungeon
  3844 | D:5      | Found a staircase to the Ecumenical Temple.
  3856 | Temple   | Entered the Ecumenical Temple
  4046 | Temple   | Became a worshipper of Ashenzari the Shackled
  4068 | D:5      | Reached XP level 7. HP: 30/56 MP: 5/10
  4316 | D:5      | Found a glowing drain.
  4321 | Sewer    | Entered a sewer
  4503 | Sewer    | Found a white marble altar of Elyvilon.
  4601 | D:5      | Noticed Sigmund
  4604 | D:5      | Gained mutation: You are partially covered in large bone
                  | plates. (SH +4) [potion of mutation]
  4604 | D:5      | Gained mutation: You evolve. [potion of mutation]
  4617 | D:5      | Killed Sigmund
  4916 | D:5      | Reached XP level 8. HP: 63/63 MP: 12/12
  5797 | D:6      | Gained mutation: Your magical capacity is low. (-10% MP)
                  | [evolution]
  6103 | D:7      | Noticed Prince Ribbit
  6107 | D:7      | Noticed Pikel
  6126 | D:6      | Killed Pikel
  6126 | D:6      | Reached XP level 9. HP: 55/69 MP: 9/13
  6465 | D:7      | Killed Prince Ribbit
  6476 | D:7      | Noticed Joseph
  6483 | D:7      | Upgraded the game from 0.26-a0-491-g70697cc071 to
                  | 0.26-a0-497-g0187308201
  6503 | D:7      | Found an iron altar of Okawaru.
  6525 | D:7      | Found a sacrificial altar of Ru.
  6530 | D:7      | Reached * piety under Ashenzari
  6667 | D:7      | Noticed Menkaure
  6684 | D:7      | Killed Menkaure
  6904 | D:7      | Killed Joseph
  7064 | D:7      | Gained mutation: You passively map a small area around you.
                  | [evolution]
  7064 | D:7      | Lost mutation: You evolve. [end of evolution]
  7172 | D:8      | Reached skill level 5 in Invocations
  7268 | D:8      | Noticed a hornet
  7279 | D:8      | Killed a hornet
  7279 | D:8      | Reached XP level 10. HP: 59/77 MP: 12/15
  7502 | D:8      | Found a glowing silver altar of Zin.
  7583 | D:8      | Found Arocutuse's Book Shoppe.
  7718 | D:7      | Reached skill level 5 in Short Blades
  7718 | D:7      | Reached skill level 5 in Long Blades
  7718 | D:7      | Reached skill level 5 in Axes
  7718 | D:7      | Reached skill level 5 in Maces & Flails
  7718 | D:7      | Reached skill level 5 in Polearms
  7718 | D:7      | Reached skill level 5 in Slings
  7718 | D:7      | Reached skill level 5 in Bows
  7718 | D:7      | Reached skill level 5 in Crossbows
  7718 | D:7      | Reached skill level 5 in Armour
  7718 | D:7      | Reached skill level 5 in Stealth
  7718 | D:7      | Reached skill level 5 in Shields
  7718 | D:7      | Reached skill level 5 in Unarmed Combat
  7718 | D:7      | Reached skill level 5 in Spellcasting
  7718 | D:7      | Reached skill level 5 in Evocations
  7943 | D:9      | Noticed a cyan ugly thing
  7956 | D:9      | Got the uncursed scale mail of Instinct {Harm}
  8061 | D:9      | Found a shimmering altar of Xom.
  8224 | D:9      | Noticed a two-headed ogre
  8233 | D:9      | Killed a two-headed ogre
  9027 | D:9      | Reached XP level 11. HP: 53/84 MP: 12/17
  9190 | D:9      | Reached ** piety under Ashenzari
  9370 | D:9      | Found a staircase to the Lair.
  9454 | D:9      | Killed a cyan ugly thing
  9515 | D:10     | Entered Level 10 of the Dungeon
  9663 | D:10     | Reached skill level 5 in Conjurations
  9663 | D:10     | Reached skill level 5 in Hexes
  9663 | D:10     | Reached skill level 5 in Summonings
  9663 | D:10     | Reached skill level 5 in Necromancy
  9663 | D:10     | Reached skill level 5 in Translocations
  9663 | D:10     | Reached skill level 5 in Transmutations
  9663 | D:10     | Reached skill level 5 in Fire Magic
  9663 | D:10     | Reached skill level 5 in Ice Magic
  9663 | D:10     | Reached skill level 5 in Air Magic
  9663 | D:10     | Reached skill level 5 in Earth Magic
  9663 | D:10     | Reached skill level 5 in Poison Magic
  9778 | D:10     | Noticed Harold
 10136 | D:10     | Found a staircase to the Orcish Mines.
 10183 | D:10     | Killed Harold
 10201 | D:10     | Identified the +8 glaive of Lelorec {freeze, rF++ rC++
                  | Str-4 Int+2}
 10979 | D:11     | Noticed a red ugly thing
 10986 | D:11     | Killed a red ugly thing
 11148 | D:11     | Found Ecug's Magic Scroll Shoppe.
 11193 | D:11     | Bought a scroll of blinking for 97 gold pieces
 11193 | D:11     | Bought a scroll of magic mapping for 45 gold pieces
 11193 | D:11     | Bought a scroll of blinking for 97 gold pieces
 11219 | D:11     | Noticed an unseen horror
 11233 | D:11     | Killed an unseen horror
 11385 | D:11     | Noticed a cyclops
 11401 | D:11     | Killed a cyclops
 11500 | D:11     | Found a blossoming altar of Fedhas.
 11562 | D:11     | Found Hudis's Antique Weapon Shop.
 11569 | D:11     | Found Golelesa's Gadget Emporium.
 11736 | D:11     | Reached *** piety under Ashenzari
 11736 | D:11     | Noticed Urug
 11770 | D:11     | Killed Urug
 11770 | D:11     | Reached XP level 12. HP: 38/94 MP: 9/20
 12000 | D:11     | Found Sakk's Antique Weapon Shoppe.
 12019 | D:11     | Noticed a four-headed hydra
 12029 | D:11     | Killed a four-headed hydra
 12142 | D:11     | Found Niomoche's Distillery.
 12150 | D:11     | Bought a potion of heal wounds for 80 gold pieces
 12150 | D:11     | Bought a potion of heal wounds for 80 gold pieces
 12150 | D:11     | Bought a potion of curing for 48 gold pieces
 12895 | Lair:1   | Entered Level 1 of the Lair of Beasts
 12914 | Lair:1   | Noticed Gastronok
 12937 | Lair:1   | Killed Gastronok
 12943 | Lair:1   | Identified the +5 scale mail of Instinct {Harm} (You found
                  | it on level 9 of the Dungeon)
 13853 | Lair:2   | Reached **** piety under Ashenzari
 13892 | Lair:2   | Reached skill level 10 in Staves
 13892 | Lair:2   | Reached skill level 10 in Dodging
 14145 | Lair:2   | Found a staircase to the Snake Pit.
 14860 | Lair:3   | Identified the +11 halberd of the Foremost Friars {venom,
                  | rPois rF+}
 15083 | Lair:3   | Reached XP level 13. HP: 82/101 MP: 17/22
 17409 | Lair:4   | Noticed Snorg
 17430 | Lair:4   | Killed Snorg
 17629 | Lair:4   | Found a staircase to the Shoals.
 18658 | Lair:5   | Reached ***** piety under Ashenzari
 18994 | Lair:5   | Found a staircase to the Slime Pits.
 19288 | Lair:5   | Found the macabre finger necklace {rN+}
 19294 | Lair:5   | Reached XP level 14. HP: 109/109 MP: 24/24
 19572 | Lair:6   | Entered Level 6 of the Lair of Beasts
 19627 | Lair:6   | Reached skill level 10 in Fighting
 19627 | Lair:6   | Reached skill level 10 in Throwing
 20828 | Lair:6   | Reached skill level 10 in Invocations
 21367 | Lair:6   | Found a shimmering blue altar of Sif Muna.
 24773 | D:13     | Reached XP level 15. HP: 106/117 MP: 25/25
 25250 | D:13     | Found Sariyfuk's Gadget Boutique.
 25425 | D:13     | Identified a scroll of acquirement
 25426 | D:13     | Identified the +0 ring mail "Helajyi" {rElec} (You found it
                  | on level 13 of the Dungeon)
 25430 | D:13     | Acquired 1270 gold pieces
 26051 | D:14     | Found a blossoming altar of Fedhas.
 26341 | D:14     | Found a frozen archway.
 26389 | D:14     | Reached skill level 10 in Short Blades
 26389 | D:14     | Reached skill level 10 in Long Blades
 26389 | D:14     | Reached skill level 10 in Axes
 26389 | D:14     | Reached skill level 10 in Maces & Flails
 26389 | D:14     | Reached skill level 10 in Polearms
 26389 | D:14     | Reached skill level 10 in Slings
 26389 | D:14     | Reached skill level 10 in Bows
 26389 | D:14     | Reached skill level 10 in Crossbows
 26389 | D:14     | Reached skill level 10 in Armour
 26389 | D:14     | Reached skill level 10 in Stealth
 26389 | D:14     | Reached skill level 10 in Shields
 26389 | D:14     | Reached skill level 10 in Unarmed Combat
 26389 | D:14     | Reached skill level 10 in Spellcasting
 26389 | D:14     | Reached skill level 10 in Evocations
 26487 | IceCv    | Entered an ice cave
 27533 | IceCv    | Noticed a frost giant
 27564 | IceCv    | Killed a frost giant
 28894 | D:14     | Found Qaob Cost's Antique Armour Boutique.
 28900 | D:14     | Bought a pair of runed gloves for 285 gold pieces
 29186 | D:14     | Found a gate to the Vaults.
 29678 | D:15     | Entered Level 15 of the Dungeon
 29843 | D:14     | Reached XP level 16. HP: 125/125 MP: 27/27
 30336 | D:15     | Noticed Josephine
 30352 | D:15     | Killed Josephine
 31177 | D:15     | Reached ****** piety under Ashenzari
 31921 | D:15     | Found a basalt altar of Yredelemnul.
 32310 | D:15     | Found a staircase to the Depths.
 32487 | Orc:1    | Entered Level 1 of the Orcish Mines
 33054 | Orc:2    | Entered Level 2 of the Orcish Mines
 33112 | Orc:2    | Found a runed translucent door.
 33124 | Orc:2    | Found the +10 tower shield of Ignorance {rN+ Int-4}
 33155 | Orc:2    | Found a runed translucent door.
 33234 | Orc:2    | Noticed Rupert
 33265 | Orc:1    | Killed Rupert
 34357 | Orc:2    | Noticed Erolcha
 34543 | Orc:2    | Killed Erolcha
 34614 | Orc:2    | Found a roughly hewn altar of Beogh.
 34957 | Orc:2    | Found a staircase to the Elven Halls.
 35370 | Orc:2    | Noticed Nergalle
 35387 | Orc:2    | Killed Nergalle
 35840 | Orc:2    | Found Luwaffug's Book Shop.
 35862 | Orc:2    | Found Acwomum's Antique Armour Shop.
 35868 | Orc:2    | Bought an encrusted cloak for 370 gold pieces
 35868 | Orc:2    | Identified the +1 cloak of Agoraphobia {rElec Dex+3} (You
                  | bought it in a shop on level 2 of the Orcish Mines)
 35876 | Orc:2    | Found Hois Zum's General Store.
 35900 | Orc:2    | Found Gicoxzo's Antique Weapon Shop.
 35922 | Orc:2    | Bought a scroll of teleportation for 45 gold pieces
 35922 | Orc:2    | Bought a wand of acid (6) for 300 gold pieces
 37883 | Snake:1  | Entered Level 1 of the Snake Pit
 38441 | Snake:1  | Identified the +0 robe of Activism {MP+9 Int+3 Dex-3}
 38889 | Snake:1  | Reached XP level 17. HP: 112/133 MP: 28/28
 39027 | Snake:1  | Found Gasenn's Jewellery Shoppe.
 39029 | Snake:1  | Found Laorawymp's Gadget Shop.
 39029 | Snake:1  | Noticed Aizul
 39030 | Snake:1  | Found Kukk's Jewellery Shoppe.
 39050 | Snake:1  | Killed Aizul
 43448 | Snake:3  | Reached skill level 10 in Conjurations
 43448 | Snake:3  | Reached skill level 10 in Hexes
 43448 | Snake:3  | Reached skill level 10 in Summonings
 43448 | Snake:3  | Reached skill level 10 in Necromancy
 43448 | Snake:3  | Reached skill level 10 in Translocations
 43448 | Snake:3  | Reached skill level 10 in Transmutations
 43448 | Snake:3  | Reached skill level 10 in Fire Magic
 43448 | Snake:3  | Reached skill level 10 in Ice Magic
 43448 | Snake:3  | Reached skill level 10 in Air Magic
 43448 | Snake:3  | Reached skill level 10 in Earth Magic
 43448 | Snake:3  | Reached skill level 10 in Poison Magic
 43769 | Snake:3  | Found a blossoming altar of Fedhas.
 43772 | Snake:3  | Upgraded the game from 0.26-a0-497-g0187308201 to
                  | 0.26-a0-501-g57170428f2
 43818 | Snake:3  | Got the rapier "Rananno" {holy, +Blink rPois rF- rC++}
 44178 | Snake:4  | Entered Level 4 of the Snake Pit
 45873 | Snake:4  | Reached XP level 18. HP: 142/142 MP: 30/30
 47536 | Elf:1    | Entered Level 1 of the Elven Halls
 47726 | Elf:1    | Found Suckydik's Assorted Antiques.
 47732 | Elf:1    | Bought a ring of the Octopus King for 140 gold pieces
 47732 | Elf:1    | Found the ring of the Octopus King {rCorr AC+1 EV+1 Str+1
                  | Int+1 Dex+1}
 47732 | Elf:1    | Found the ring of the Octopus King {rCorr AC+1 EV+1 Str+1
                  | Int+1 Dex+1}
 47732 | Elf:1    | Bought a smoky green potion for 25 gold pieces
 48806 | Elf:1    | Identified Sif Muna's Guide on Supportive Arcane Weapons
 49343 | Elf:1    | Reached XP level 19. HP: 149/149 MP: 31/31
 49803 | Elf:2    | Got the uncursed plate armour of the Grey Skies {rElec rF-
                  | rN+}
 49814 | Elf:2    | Identified the +1 plate armour of the Grey Skies {rElec rF-
                  | rN+} (You found it on level 2 of the Elven Halls)
 50199 | Elf:2    | Found a runed translucent gate.
 50199 | Elf:2    | Found a runed translucent gate.
 50199 | Elf:2    | Found a runed translucent gate.
 50377 | Elf:2    | Identified the +6 rapier "Rananno" {holy, +Blink rPois rF-
                  | rC++} (You found it on level 3 of the Snake Pit)
 52006 | Elf:3    | Entered Level 3 of the Elven Halls
 52130 | Elf:3    | Reached XP level 20. HP: 129/156 MP: 33/33
 53052 | Elf:3    | Found a shimmering blue altar of Sif Muna.
 54185 | Elf:3    | Identified the +5 mace "Cibeps" {vorpal, rElec rF- Str+4}
 54590 | Elf:3    | Noticed a Brimstone Fiend
 56386 | Elf:3    | Identified the ring of Linearity {+Fly Str+6}
 56386 | Elf:3    | Identified the +7 whip of Tewej {flame, Str+6 Dex+6}
 56387 | Elf:3    | Identified the +8 chain mail of Vehumet {rPois}
 56609 | Elf:3    | Identified the cursed +1 chain mail "Vuron" {Str+3} (You
                  | found it on level 3 of the Elven Halls)
 56615 | Elf:3    | Identified the +1 ring mail of the Sailor {Regen+} (You
                  | found it on level 3 of the Elven Halls)
 57556 | Snake:4  | Got a serpentine rune of Zot
 57937 | Shoals:1 | Entered Level 1 of the Shoals
 57982 | Shoals:1 | Reached XP level 21. HP: 148/164 MP: 34/34
 58289 | Shoals:1 | Found a hide-covered altar of Uskayaw.
 58907 | Shoals:1 | Identified the +6 fustibalus "Ucerus" {vorpal, *Drain rF+++
                  | Int-3 SInv}
 61069 | Shoals:3 | Found Kuprin's Antique Armour Shoppe.
 61168 | Shoals:3 | Found Bawaluch's Antique Armour Emporium.
 61204 | Shoals:3 | Found Puuj's Antique Armour Shoppe.
 61204 | Shoals:3 | Found Hoth's Armour Boutique.
 61251 | Shoals:3 | Found Egrof's Assorted Antiques.
 61676 | Shoals:4 | Entered Level 4 of the Shoals
 61698 | Shoals:4 | Identified the +2 flail "Cuoth" {freeze, *Slow rPois Str+3}
 62439 | Shoals:4 | Got a barnacled rune of Zot
 62626 | Shoals:4 | Identified the cursed +1 robe "Vexku" {Regen+}
 62898 | Shoals:4 | Reached skill level 15 in Staves
 62898 | Shoals:4 | Reached skill level 15 in Dodging
 63419 | Shoals:4 | Identified the amulet "Hero's Friend" {Inacc Stlth+}
 64229 | Shoals:4 | Reached skill level 15 in Invocations
 64259 | Shoals:4 | Acquired the cursed +3 pair of gauntlets of War {Slay+5}
 64260 | Shoals:4 | Found the cursed +3 pair of gauntlets of War {Slay+5}
 64693 | Vaults:1 | Entered Level 1 of the Vaults
 64876 | Vaults:1 | Reached XP level 22. HP: 164/173 MP: 35/35
 65083 | Vaults:1 | Noticed Nikola
 65092 | Vaults:1 | Killed Nikola
 65825 | Vaults:1 | Reached skill level 15 in Maces & Flails
 66855 | Vaults:2 | Found a ruined gateway.
 66866 | Desolati | Entered the Desolation of Salt
 67018 | Desolati | Identified the ring of the Middle {Int+4 Slay+4}
 67019 | Desolati | Identified the ring of the Raven {Fire rElec Str-5 Int+3}
 67024 | Desolati | Identified the Tome of Contamination and Ignition
 67225 | Desolati | Identified the ring of Mysticism {*Drain rF+ rC+ rN+ Str+4}
 67236 | Desolati | Identified the ring "Goujuik" {rPois MR+ Str-3 Dex+3}
 67237 | Desolati | Identified the cursed -3 helmet of Unambiguity {rPois Int+2
                  | SInv}
 68166 | Vaults:2 | Reached skill level 15 in Fighting
 68166 | Vaults:2 | Reached skill level 15 in Throwing
 68559 | Vaults:2 | Reached skill level 15 in Stealth
 69211 | Vaults:2 | Reached XP level 23. HP: 59/181 MP: 37/37
 69911 | Vaults:2 | HP: 9/181 [sphinx/divine providence (9)]
 70673 | Vaults:2 | Identified the +3 scimitar of Gokenty {vorpal, *Rage rC+
                  | Int+2}
 71103 | Vaults:3 | Identified Fetoegui's Incunabulum of Unstable Flames
 71616 | Vaults:3 | Found a staircase to the Crypt.
 72090 | Vaults:3 | Reached skill level 15 in Short Blades
 72090 | Vaults:3 | Reached skill level 15 in Long Blades
 72090 | Vaults:3 | Reached skill level 15 in Axes
 72090 | Vaults:3 | Reached skill level 15 in Polearms
 72090 | Vaults:3 | Reached skill level 15 in Slings
 72090 | Vaults:3 | Reached skill level 15 in Bows
 72090 | Vaults:3 | Reached skill level 15 in Crossbows
 72090 | Vaults:3 | Reached skill level 15 in Armour
 72090 | Vaults:3 | Reached skill level 15 in Shields
 72090 | Vaults:3 | Reached skill level 15 in Unarmed Combat
 72090 | Vaults:3 | Reached skill level 15 in Spellcasting
 72090 | Vaults:3 | Reached skill level 15 in Evocations
 73374 | Vaults:4 | Identified the +2 morningstar of Omuosm {protect, *Noise
                  | rF+ rN+}
 73691 | Vaults:4 | Reached XP level 24. HP: 190/190 MP: 37/37
 74604 | Depths:1 | Entered Level 1 of the Depths
 74686 | Depths:1 | Found a gateway to a ziggurat.
 74759 | Depths:1 | Found a gateway to Hell.
 75162 | Depths:1 | Found a runed translucent door.
 75163 | Depths:1 | Identified the +4 demon blade of Change {freeze, rPois
                  | Str+3 Dex+3}
 75415 | Depths:1 | Found a one-way gate leading to the halls of Pandemonium.
 75687 | Depths:2 | Found a one-way gate to the infinite horrors of the Abyss.
 76016 | Depths:2 | Identified the +2 steam dragon scales of Suhacs {rN+ Str-5
                  | Stlth+}
 76447 | Depths:2 | Reached skill level 15 in Fire Magic
 76630 | Depths:2 | Found a bloodstained altar of Trog.
 76818 | Depths:2 | Identified the +9 giant club "Bung" {vamp, Int+3}
 76818 | Depths:2 | Identified the cursed +0 giant club of Hard Scrabble
                  | {flame, *Noise rF+ Int+2}
 76820 | Depths:2 | Noticed the Enchantress
 77622 | Depths:2 | Killed the Enchantress
 79237 | Vaults:5 | Entered Level 5 of the Vaults
 79335 | Vaults:5 | Reached XP level 25. HP: 171/197 MP: 38/38
 79356 | Vaults:5 | Noticed an ancient lich
 79954 | Vaults:5 | Identified the ring "Zeboluku" {rElec rPois}
 80217 | Vaults:5 | Acquired 1470 gold pieces
 80373 | Vaults:5 | Identified the cursed ring of Geyq {rF+ rC+ Str-4 Stlth+}
 80456 | Vaults:5 | Identified the ring "Ninaij" {+Inv Dex+5 SInv Stlth-}
 80855 | Vaults:5 | Killed an ancient lich
 80931 | Vaults:5 | Identified the ring of Pegozic {rElec MP+9 Str+5 Int+3}
 81465 | Vaults:5 | Noticed Boris
 81474 | Vaults:5 | Killed Boris
 81474 | Vaults:5 | Reached XP level 26. HP: 179/207 MP: 39/39
 81512 | Vaults:5 | Got a silver rune of Zot
 81861 | Vaults:5 | HP: 8/207 [vault warden/+0 vorpal battleaxe (9)]
 81866 | Vaults:5 | Identified the +2 longbow of a treasure trove {venom,
                  | Str+4}
 82481 | Vaults:5 | Identified the cursed +2 scimitar of the Iron City of Dis
                  | {vorpal, rElec Dex+4 Stlth+}
 82858 | Vaults:5 | Identified the +1 ring mail "Nuraopho" {rPois}
 84107 | Depths:3 | Paralysed by a floating eye for 4 turns
 84116 | Depths:3 | Found Poneyth's Book Shoppe.
 86302 | Depths:4 | Identified the +8 quarterstaff of Nuupeadd {vamp, +Rage
                  | rElec Int-2}
 86727 | Depths:4 | Identified the ring of Buukulir {+Fly rF+ rN+ SInv}
 86770 | Depths:4 | Reached XP level 27. HP: 174/215 MP: 39/39
 86798 | Depths:4 | Noticed a juggernaut
 86814 | Depths:4 | Killed a juggernaut
 87121 | Depths:4 | Found a corrupted altar of Lugonu.
 87319 | Depths:4 | Noticed a juggernaut
 87332 | Depths:4 | Killed a juggernaut
 87932 | Depths:4 | Paralysed by a floating eye for 3 turns
 88362 | Depths:4 | Identified the +8 short sword of the Five Stars {drain,
                  | *Contam +Rage rElec}
 88421 | Depths:5 | Entered Level 5 of the Depths
 88924 | Depths:5 | Found a stormy altar of Qazlal.
 89183 | Depths:5 | Identified the ring of Agnosticism {rN++ Str-3 Dex+2
                  | Stlth+}
 89192 | Depths:5 | Noticed a juggernaut
 89203 | Depths:5 | Killed a juggernaut
 89359 | Depths:5 | Reached skill level 15 in Conjurations
 89359 | Depths:5 | Reached skill level 15 in Hexes
 89359 | Depths:5 | Reached skill level 15 in Summonings
 89359 | Depths:5 | Reached skill level 15 in Necromancy
 89359 | Depths:5 | Reached skill level 15 in Translocations
 89359 | Depths:5 | Reached skill level 15 in Transmutations
 89359 | Depths:5 | Reached skill level 15 in Ice Magic
 89359 | Depths:5 | Reached skill level 15 in Air Magic
 89359 | Depths:5 | Reached skill level 15 in Earth Magic
 89359 | Depths:5 | Reached skill level 15 in Poison Magic
 89449 | Depths:5 | Identified the +7 war axe "Nygaqux" {speed, rF+ Int-2
                  | Dex+3}
 89461 | Depths:5 | Found a gate to the Realm of Zot.
 89810 | Zot:1    | Entered Level 1 of the Realm of Zot
 89816 | Zot:1    | Noticed an orb of fire
 89822 | Zot:1    | Gained mutation: You are clumsy. (Dex -2) [an orb of fire]
 89823 | Zot:1    | Gained mutation: You tend to lose your temper in combat.
                  | [an orb of fire]
 89824 | Zot:1    | Killed an orb of fire
 90224 | Zot:1    | HP: 6/217 [acid (16)]
 90227 | Zot:1    | Killed from afar by a quicksilver dragon

Illustrated notes

Levels and vault maps discovered:
D:1:      lightli_arrival_noodles, layout_basic, minmay_pentomino_w4
D:2:      layout_basic, kennysheep_big_empty_room
D:3:      layout_basic
D:4:      layout_basic, tgw_trog, marbit_many_paths, minmay_misc_feat_room,
          uniq_blork_the_orc
D:5:      layout_rooms, minmay_temple_entry_purple_smoke, portal_sewer_entry_e,
          uniq_sigmund
D:6:      layout_loops_ring
D:7:      layout_rooms, nicolae_ru_sacrificial_ziggurat, okawaru_trees_2,
          uniq_pikel, uniq_joseph, uniq_prince_ribbit1, uniq_menkaure
D:8:      layout_rooms, lemuel_round_altar, serial_shops, kennysheep_little_box,
          grunt_ministairs_7
D:9:      layout_roguey, xom_teletrap_fun, erik_lair_orcish_takeover,
          grunt_ministairs_1
D:10:     layout_basic, david_orc_3, kennysheep_generic_room_12, uniq_harold
D:11:     kennysheep_spiral_hall, layout_grid_maze, basic_altar, serial_shops,
          shop_statue, nicolae_shop_window_shopping, shop,
          nicolae_shop_waterfront, shop, uniq_urug
D:12:     layout_irregular_city, kennysheep_donut
D:13:     layout_loops_corners, serial_shops, nicolae_shop_crystal
D:14:     layout_rooms, grunt_vaults_entry_fortified, serial_ice, serial_ice_m,
          serial_ice_g, serial_ice_d, serial_ice_e,
          portal_ice_cave_entry_animals_and_master, fedhas_altar_1,
          serial_shops, shop
D:15:     gammafunk_enter_depths_forms, layout_basic,
          lemuel_mausoleum_altar_yredelemnul, uniq_josephine
Temple:   nicolae_temple_elliptical
Lair:1:   layout_loops_ring, uniq_gastronok
Lair:2:   layout_hall_layers, dummy_snake_entry, minmay_hedge_maze
Lair:3:   layout_loops_ring, zaba_anthell, lemuel_fruit_tree
Lair:4:   layout_misc_corridors, shoals_dummy_entry, special_room
          [special_room_bee], serial_bayou_shore_b, uniq_snorg
Lair:5:   layout_misc_corridors, slime_dummy
Lair:6:   guppyfry_lair_end_dragon, layout_loops_ring,
          hangedman_lair_tendril_chambers, basic_altar
Shoals:1: cheibrodos_shoals_gigantism, layout_shoals, regret_index_shoals_crete
Shoals:2: layout_shoals
Shoals:3: layout_shoals, serial_shops, shop, nicolae_shop_behind_doors, shop,
          shop_statue, shop, nicolae_shoals_drake_roost
Shoals:4: shoals_end_grunt_ice, layout_shoals, nicolae_shoals_cliffside_cave
Snake:1:  layout_basic, nicolae_snake_serpentine_hallways, grunt_megastairs_3,
          minmay_shop_grove, uniq_aizul
Snake:2:  layout_layer_cave
Snake:3:  layout_cave_town, st_stairs_11, lemuel_oklob_altar
Snake:4:  snake_pit, layout_gridlike, st_stairs_12, drop_trap
Orc:1:    layout_caves
Orc:2:    grunt_orc_cross, layout_diamond_mine,
          chequers_guarded_unrand_ignorance, uniq_rupert, uniq_erolcha
Elf:1:    eino_elf_arrival_customs, layout_geoelf_diagonals, serial_shops, shop,
          minmay_elf_sorcery
Elf:2:    layout_geoelf_grid
Elf:3:    minmay_elf_hall_x, layout_loops_corners, basic_altar,
          minmay_misc_feat_pillars, nicolae_elf_glass_and_crystal_pillar_1,
          grunt_ministairs_1, minivault_4, minmay_misc_feat_diagonals,
          minivault_16, minivault_26
Vaults:1: dpeg_vaults_waves, hangedman_vaults_corner_blocks, v_rooms_4,
          v_rooms_2, nicolae_vaults_diagonal_hallway_8,
          nicolae_vaults_little_ls, ontoclasm_vaults_ligature,
          nicolae_vaults_border_crossing, nicolae_vaults_little_squares_2,
          layout_vaults_omnigrid, uniq_nikola
Vaults:2: v_alt_pattern_3, st_greater_box_2, nicolae_vaults_little_squares_5,
          v_misc_31, vaults_mumra_minichess_inversion,
          ontoclasm_vaults_ring_small, nicolae_vaults_angled_halls,
          vaults_dpeg_ring, grunt_vaults_swirl, layout_vaults_omnibox,
          portal_desolation_entry_garden
Vaults:3: ontoclasm_vaults_shuriken, minmay_crypt_entry_simple_plaza, v_misc_18,
          v_misc_1, ontoclasm_vaults_fault, v_misc_2, layout_vaults_chaotic_city
Vaults:4: vaults_room_corners, hangedman_vaults_snaps, vaults_dpeg_spiral,
          v_misc_10, ontoclasm_vaults_decontamination, v_rooms_4,
          grunt_vaults_diagonal, ontoclasm_vaults_twist, hangedman_vaults_hat,
          vaults_room_door_ring, ontoclasm_vaults_loading_screen,
          vaults_room_pools, nicolae_vaults_theta, hangedman_vaults_trim,
          layout_vaults_big_cross
Vaults:5: serial_shops, uniq_boris
Depths:1: layout_cave_shapes, enter_ziggurat_b, hell_entry,
          rand_demon_pan_entry_9, lemuel_statue_altar, minmay_acid_items
Depths:2: spriggan_forest, abyss_entry, hell_entry
Depths:3: minmay_textured_paths, layout_basic, serial_shops, shop_fountains,
          pan_entry, hell_entry, roderic_malta_cross, kennysheep_potato,
          minmay_staircase_windowed_small, serial_bayou_shore_b
Depths:4: minmay_the_grid_octo_tiled_octocenter_mashed
          [minmay_the_grid_octo_fan_narrow, minmay_the_grid_octo_focus,
          minmay_the_grid_octo_odd_swirl, minmay_the_grid_octo_teeth,
          minmay_the_grid_octo_prize_ultimate_mussel_roller,
          minmay_the_grid_square_5x5_tetrominoes,
          minmay_the_grid_square_5x5_three_walls,
          minmay_the_grid_square_5x5_six, minmay_the_grid_square_5x5_minimal],
          layout_gridlike, hellmouth_1, bh_walls_and_bars,
          grunt_pan_entry_spiral, abyss_entry_flame_altar
Depths:5: evilmike_zot_entry_diamond, layout_cave_pools,
          grunt_hell_entry_dis_old, lemuel_crystal_altar, serial_bayou_shore_b
Zot:1:    layout_misc_corridors

Skill      XL: |  1  2  3  4  5  6  7  8  9 10 11 12 13 14 15 16 17 18 19 20 21 22 23 24 25 26 27 |
---------------+----------------------------------------------------------------------------------+-----
Invocations    | 1 2 3 4 5 6 7 8 9 10 11 12 13 14 15 16 17 18 | 18.9
Short Blades   | 1 2 3 4 5 6 7 8 9 10 11 12 13 14 15 16 17 | 17.5
Long Blades    | 1 2 3 4 5 6 7 8 9 10 11 12 13 14 15 16 17 | 17.5
Axes           | 1 2 3 4 5 6 7 8 9 10 11 12 13 14 15 16 17 | 17.5
Maces & Flails | 1 2 3 4 5 6 7 8 9 10 11 12 13 14 15 16 17 18 19 20 | 20.7
Polearms       | 1 2 3 4 5 6 7 8 9 10 11 12 13 14 15 16 18 | 18.0
Slings         | 1 2 3 4 5 6 7 8 9 10 11 12 13 14 15 16 17 | 17.5
Bows           | 1 2 3 4 5 6 7 8 9 10 11 12 13 14 15 16 17 | 17.5
Crossbows      | 1 2 3 4 5 6 7 8 9 10 11 12 13 14 15 16 17 | 17.5
Armour         | 1 2 3 4 5 6 7 8 9 10 11 12 13 14 15 16 17 | 17.5
Stealth        | 1 2 3 4 5 6 7 8 9 10 11 12 13 14 15 16 17 18 19 20 | 20.3
Shields        | 1 2 3 4 5 6 7 8 9 10 11 12 13 14 15 16 17 | 17.5
Unarmed Combat | 1 2 3 4 5 6 7 8 9 10 11 12 13 14 15 16 17 | 17.5
Spellcasting   | 1 2 3 4 5 6 7 8 9 10 11 12 13 14 15 16 17 | 17.5
Evocations     | 1 2 3 4 5 6 7 8 9 10 11 12 13 14 15 16 17 | 17.5
Conjurations   | 1 2 3 4 5 6 7 8 9 10 11 12 13 14 15 | 15.1
Hexes          | 1 2 3 4 5 6 7 8 9 10 11 12 13 14 15 | 15.1
Summonings     | 1 2 3 4 5 6 7 8 9 10 11 12 13 14 15 | 15.1
Necromancy     | 1 2 3 4 5 6 7 8 9 10 11 12 13 14 15 | 15.1
Translocations | 1 2 3 4 5 6 7 8 9 10 11 12 13 14 15 | 15.1
Transmutations | 1 2 3 4 5 6 7 8 9 10 11 12 13 14 15 | 15.1
Fire Magic     | 1 2 3 4 5 6 7 8 9 10 11 12 13 14 15 16 17 18 | 18.0
Ice Magic      | 1 2 3 4 5 6 7 8 9 10 11 12 13 14 15 | 15.1
Air Magic      | 1 2 3 4 5 6 7 8 9 10 11 12 13 14 15 | 15.1
Earth Magic    | 1 2 3 4 5 6 7 8 9 10 11 12 13 14 15 | 15.1
Poison Magic   | 1 2 3 4 5 6 7 8 9 10 11 12 13 14 15 | 15.1
Fighting       | 5 6 7 8 9 10 11 12 13 14 15 16 17 18 | 18.0
Throwing       | 5 6 7 8 9 10 11 12 13 14 15 16 17 18 | 18.0
Staves         | 7 8 9 10 11 12 13 14 15 16 17 18 | 18.4
Dodging        | 7 8 9 10 11 12 13 14 15 16 17 18 | 18.4

Action                   |  1- 3 |  4- 6 |  7- 9 | 10-12 | 13-15 | 16-18 | 19-21 | 22-24 | 25-27 || total
-------------------------+-------+-------+-------+-------+-------+-------+-------+-------+-------++-------
Melee: Quarterstaff      |    60 |   181 |   271 |   738 |  1322 |   304 |       |       |       ||  2876
       Bite              |     3 |    24 |    30 |   122 |   288 |   240 |   150 |   247 |   226 ||  1330
       Glaive            |       |       |       |       |   434 |   886 |  1739 |  1668 |  1354 ||  6081
       Halberd           |       |       |       |       |       |   648 |       |       |       ||   648
Throw: Throwing net      |       |     1 |       |       |     3 |       |       |       |       ||     4
       Dart              |       |       |    21 |    52 |    26 |     1 |       |       |       ||   100
       Javelin           |       |       |       |       |     7 |    25 |    17 |    17 |   121 ||   187
       Boomerang         |       |       |       |       |       |    88 |   129 |       |       ||   217
Invok: Curse Item        |       |       |     5 |       |     3 |     3 |     3 |     2 |       ||    16
       Scrying           |       |       |       |       |     1 |       |       |       |       ||     1
Evoke: Wand              |       |       |     3 |     3 |     8 |     6 |    41 |     4 |     5 ||    70
       Condenser vane    |       |       |       |       |       |       |     3 |    12 |    17 ||    32
  Use: Potion            |       |       |     5 |     2 |     3 |     8 |     3 |     4 |    10 ||    35
       Scroll            |       |       |     1 |    15 |    18 |     9 |     8 |     8 |    22 ||    81
 Stab: Sleeping          |       |     7 |     3 |    22 |    10 |       |     4 |    32 |     5 ||    83
       Paralysed         |       |       |     4 |       |     1 |       |       |       |       ||     5
       Distracted        |       |       |       |    14 |    21 |     4 |     6 |    15 |    16 ||    76
       Held in net/web   |       |       |       |       |     3 |       |       |       |       ||     3
       Petrified         |       |       |       |       |       |       |       |     2 |       ||     2
Armor: Leather armour    |     9 |    16 |    33 |    70 |   117 |       |       |       |       ||   245
       Plate armour      |       |       |       |       |   457 |   732 |   262 |       |       ||  1451
       Chain mail        |       |       |       |       |       |       |   384 |   580 |   283 ||  1247
       Gold dragon scale |       |       |       |       |       |       |       |       |   331 ||   331
Dodge: Dodged            |    65 |   150 |   240 |   515 |  1402 |  1162 |  1009 |  1149 |   724 ||  6416
Block: Other             |       |       |    25 |    92 |   265 |   286 |   188 |   200 |   153 ||  1209

Table legend: (Time is in decaauts)
 A = Elapsed time spent in this place.
 B = Non-inter-level travel time spent in this place.
 C = Inter-level travel time spent in this place.
 D = Time resting spent in this place.
 E = Time spent auto-exploring this place.
 F = Levels seen in this place.
 G = Mean time per level.
                   A        B        C        D        E       F      G
               +--------+--------+--------+--------+--------+-----+--------+
         Total |  91207 |  86960 |   4247 |  25838 |  40349 |  49 | 1861.4 |
       Dungeon |  20204 |  18864 |   1340 |   3281 |  11532 |  15 | 1346.9 |
        Temple |    206 |    195 |     11 |      0 |    140 |   1 |  206.0 |
          Lair |  10423 |   9678 |    745 |   2345 |   5432 |   6 | 1737.2 |
        Shoals |   6987 |   6765 |    222 |   2325 |   1292 |   4 | 1746.8 |
     Snake Pit |  10815 |  10457 |    358 |   4344 |   4215 |   4 | 2703.8 |
  Orcish Mines |   5609 |   5251 |    358 |   2289 |   1356 |   2 | 2804.5 |
   Elven Halls |   9495 |   9283 |    212 |   3891 |   2950 |   3 | 3165.0 |
        Vaults |  13613 |  12868 |    745 |   3771 |   6405 |   5 | 2722.6 |
        Depths |  10577 |  10325 |    252 |   2702 |   5809 |   5 | 2115.4 |
           Zot |    384 |    384 |      0 |    177 |     56 |   1 |  384.0 |
         Sewer |    245 |    245 |      0 |      0 |    200 |   1 |  245.0 |
      Ice Cave |   1856 |   1856 |      0 |    634 |    682 |   1 | 1856.0 |
    Desolation |    786 |    786 |      0 |     76 |    276 |   1 |  786.0 |
               +--------+--------+--------+--------+--------+-----+--------+

Top non-repeatable levels by time:
   Elf:3: 4410 daAuts
 Snake:4: 3868 daAuts
   Orc:2: 3684 daAuts
Vaults:5: 3651 daAuts
Vaults:2: 3424 daAuts
Depths:2: 3415 daAuts
  Lair:6: 3181 daAuts
   Elf:2: 2977 daAuts
Shoals:4: 2948 daAuts
Depths:3: 2898 daAuts
    D:14: 2809 daAuts
 Snake:1: 2485 daAuts
Vaults:1: 2353 daAuts
 Snake:2: 2329 daAuts
    D:15: 2292 daAuts
